 Dungeon Crawl Stone Soup version 0.26-a0-259-g1effd001a9 (webtiles) character file.

Game seed: 15082986795741185040

136 Esekla the Stinger (level 5, 0/38 HPs)
             Began as a Formicid Venom Mage on July 10, 2020.
             Was a Believer of Makhleb.
             Slain by a gnoll
             ... wielding a +0 halberd
              (10 damage)
             ... on level 3 of the Dungeon.
             The game lasted 00:20:26 (3182 turns).

Esekla the Stinger (Formicid Venom Mage)            Turns: 3182, Time: 00:20:27

Health: 0/38       AC:  2    Str: 18    XL:     5   Next: 43%
Magic:  9/9        EV: 12    Int: 16    God:    Makhleb [**....]
Gold:   188        SH:  0    Dex: 11    Spells: 1/10 levels left

rFire    . . .     SeeInvis +   f - +0 short sword
rCold    . . .     Faith    .   (no shield)
rNeg     . . .     Spirit   .   a - +0 robe
rPois    .         Reflect  .   (helmet unavailable)
rElec    .         Harm     .   (no cloak)
rCorr    .                      (no gloves)
MR       .....                  (no boots)
Stlth    ++........             (no amulet)
HPRegen  0.12/turn              k - +6 ring of strength
MPRegen  0.11/turn              (no ring)

@: no status effects
A: permanent stasis, dig shafts and tunnels, four strong arms, antennae 3
a: Dig, Shaft Self, Minor Destruction, Renounce Religion


You were on level 3 of the Dungeon.
You worshipped Makhleb.
Makhleb was pleased with you.
You were not hungry.

You visited 1 branch of the dungeon, and saw 3 of its levels.

You collected 188 gold pieces.

Inventory:

Hand Weapons
 f - a +0 short sword (weapon)
Armour
 a - a +0 robe (worn)
Jewellery
 k - a +6 ring of strength (left hand)
 p - an uncursed amulet of reflection
Wands
 q - a wand of clouds (4)
Scrolls
 b - a scroll of enchant weapon {unknown}
 e - 2 scrolls of remove curse {unknown}
 g - 5 scrolls of teleportation {unknown}
 j - 2 scrolls of identify {unknown}
 l - a scroll of fear {unknown}
 o - a scroll of blinking {unknown}
 r - 2 scrolls of amnesia {unknown}
 s - a scroll of enchant armour {unknown}
Potions
 d - 2 potions of haste {unknown}
 h - a potion of lignification
 i - a potion of heal wounds {unknown}
 m - a potion of brilliance {unknown}
 n - a potion of stabbing {unknown}
Comestibles
 c - 12 rations


   Skills:
 * Level 2.1 Fighting
 + Level 0.6 Short Blades
 + Level 2.2 Dodging
 + Level 2.5 Stealth
 * Level 3.1 Spellcasting
 * Level 0.6 Conjurations
 - Level 1.1 Transmutations
 * Level 0.9 Air Magic
 + Level 5.1 Poison Magic


You had one spell level left.
You knew the following spells:

 Your Spells              Type           Power        Failure   Level
a - Sting                 Tmut/Pois      ##..         5%          1
b - Ignite Poison         Fire/Tmut/Pois #.......     24%         3
c - Mephitic Cloud        Conj/Pois/Air  #.......     22%         3
v - Poisonous Vapours     Pois/Air       ##....       9%          2

Your spell library contained the following spells:

 Spells                   Type           Power        Failure   Level
 Olgreb's Toxic Radiance  Pois           ###.....     22%         4


Dungeon Overview and Level Annotations

Branches:
Dungeon (3/15)

Altars:
Ashenzari
Makhleb


Innate Abilities, Weirdness & Mutations

You cannot be hasted, slowed, berserked, paralysed or teleported.
You can dig through walls and to a lower floor.
Your four strong arms can wield two-handed weapons with a shield.
You have a pair of large antennae on your head. (SInv)


Message History

Aim: a gnoll, wielding a +0 halberd (severely wounded) Poisonous vapours surround the gnoll!
You climb upwards.
There is a stone staircase leading down here.
You start resting.
HP restored.
You start resting.
Your magical contamination has completely faded away.
You start resting.
Magic restored.
You climb downwards.
The gnoll hits you from afar with a +0 halberd!
The gnoll hits you from afar with a +0 spear!
The gnoll hits you from afar with a +0 halberd!
* * * LOW HITPOINT WARNING * * *
The gnoll completely misses you.
There is a stone staircase leading up, spattered with blood here.
The gnoll barely misses you.
The gnoll hits you from afar with a +0 halberd!
You die...

# #.......# #.##..{g.g.g... #
####.#### #.##########... # #...#
###.### ###. # #...# #.....######
#. # #...# #g#........# #. #
#.).# #g#........#####.
#######...#######g#..#..#......##
##.............##.g.....#......#
................@.....#........#
##.............##..............#
#######...########.#.##<#......#
# #...# #.#......###### # #...#
#.[....### #...# ####.####
##...## #.......# ######.....#
#.##.##.######### #).........#
#.##.............


You could see 4 gnolls.

Vanquished Creatures
  3 adders
  4 gnolls (D:2)
  2 oozes (D:1)
  A worm (D:2)
  4 leopard geckos
  2 giant cockroaches
  7 goblins
  8 hobgoblins
  4 jackals
  5 kobolds
  9 bats
  5 frilled lizards
  3 rats (D:2)
57 creatures vanquished.

Notes
Turn   | Place    | Note
-------+----------+-------------------------------------------
     0 | D:1      | Esekla the Formicid Venom Mage began the quest for the Orb.
     0 | D:1      | Reached XP level 1. HP: 13/13 MP: 3/3
   180 | D:1      | Reached XP level 2. HP: 11/19 MP: 3/5
   300 | D:1      | Learned a level 2 spell: Poisonous Vapours
   513 | D:2      | Found a faded altar of an unknown god.
   524 | D:2      | Became a worshipper of Makhleb the Destroyer
   524 | D:2      | Reached * piety under Makhleb
   689 | D:1      | Reached XP level 3. HP: 25/25 MP: 2/6
   694 | D:1      | Learned a level 3 spell: Mephitic Cloud
  1141 | D:2      | Reached XP level 4. HP: 9/31 MP: 4/8
  1162 | D:2      | HP: 2/46 [poisoned by an adder]
  1170 | D:2      | HP: 2/46 [poisoned by an adder]
  1374 | D:2      | Found a shattered altar of Ashenzari.
  1406 | D:2      | Reached skill level 1 in Fighting
  1500 | D:2      | Reached ** piety under Makhleb
  1713 | D:2      | Reached XP level 5. HP: 32/38 MP: 2/9
  2202 | D:1      | Learned a level 3 spell: Ignite Poison
  2683 | D:3      | Reached skill level 5 in Poison Magic
  3182 | D:3      | Slain by a gnoll

Illustrated notes

Levels and vault maps discovered:
D:1:      evilmike_arrival_plus, layout_basic, kennysheep_another_room,
          corexii_leaking_fountain, minmay_unequal
D:2:      layout_basic, ashenzari_conservatory_becter,
          chequers_ecumenical_altar_lobes
D:3:      layout_loops_cross

Skill      XL: |  1  2  3  4  5 |
---------------+----------------+-----
Dodging        | 2 |  2.2
Fighting       | 2 |  2.1
Spellcasting   | 3 |  3.1
Poison Magic   | 5 |  5.1
Short Blades   | |  0.6
Stealth        | |  2.5
Conjurations   | |  0.6
Transmutations | |  1.1
Air Magic      | |  0.9

Action                   |  1- 3 |  4- 6 || total
-------------------------+-------+-------++-------
Melee: Short sword       |    44 |    59 ||   103
       Unarmed           |     5 |       ||     5
 Cast: Sting             |     7 |       ||     7
       Poisonous Vapours |    13 |    32 ||    45
  Use: Potion            |       |     1 ||     1
 Stab: Sleeping          |     1 |     1 ||     2
  Eat: Ration            |       |     2 ||     2
Armor: Robe              |    21 |    34 ||    55
       Skin              |       |     3 ||     3
Dodge: Dodged            |    43 |    63 ||   106

Table legend:
 A = Non-vault XP
 B = Vault XP
 C = Vault XP percentage of total XP
 D = Non-vault monster count
 E = Vault monster count
 F = Vault count percentage of total count
                 A         B        C        D         E       F
            +---------+---------+-------+---------+---------+-------
      Total |     191 |       4 |   2.1 |      55 |       2 |   3.5
            +---------+---------+-------+---------+---------+-------
        D:1 |      34 |       4 |  10.5 |      13 |       2 |  13.3
        D:2 |     128 |       0 |   0.0 |      33 |       0 |   0.0
        D:3 |      29 |       0 |   0.0 |       9 |       0 |   0.0
            +---------+---------+-------+---------+---------+-------
